Workbook

Sheet Toelichting
A1: Bijlage Prijsblad Europees Openbare aanbesteding Meubilair - Toelichting
A2: Over de opgegeven prijzen worden geen extra toeslagen meer gerekend. Alle kosten dienen hierin inbegrepen te zijn. Zie ook PvE eis 2.6.
A4: Alle tabbladen dienen ingevuld te worden.
A6: Er zijn fictieve aantallen gebruikt om de verschillende componenten op de juiste manier mee te laten wegen.
A8: Het invullen van een tarief van €0,00 is toegestaan. Indien een tarief van €0,00 wordt ingevuld, wordt dit geacht te zijn inbegrepen in de overige tarieven en kan hiervoor geen afzonderlijke vergoeding worden gevraagd.
A10: Bij de op te geven commerciële opslagpercentages voor onderdelen 1b. Basisassortiment 2de hands/ hergebruik, 2. Specials & Maatwerk en 4. Overige producten wordt een minimumpercentage van 0,1% gehanteerd. Het opgeven van een opslagpercentage van 0,00% is hier niet toegestaan.
A12: De opgegeven fictieve aantallen zijn gebaseerd op de afname van de afgelopen jaren, echter bieden deze aantallen geen enkele garantie voor de af te nemen hoeveelheden gedurende de overeenkomst. Aan de opgegeven aantallen kunnen dan ook op geen enkele wijze rechten ontleend worden. De fictieve aantallen worden uitsluitend gebruikt voor de berekening van de vergelijkingsprijs en dienen om de relatieve zwaarte van de verschillende producten binnen het beoordelingsmodel tot uitdrukking te brengen.
A14: Alle prijzen worden exclusief btw ingevuld.
A16: Inschrijver dient alle groen gemarkeerde cellen in te vullen.

Sheet Inschrijving
A1: INSCHRIJVING
A3: Abnormaal lage Inschrijvingen of Inschrijvingen waaruit blijkt dat deze doelbewust het beoordelingsschema proberen te manipuleren, kunnen van verdere deelname uitgesloten worden. Avans behoudt zich het recht voor om bij een vermoeden van een abnormaal lage Inschrijving een toelichting te vragen en de Inschrijving overeenkomstig de toepasselijke aanbestedingsregelgeving te beoordelen.
A5: Onderdeel | C5: Inschrijvingssom/-percentage
A6: 1a. Basisassortiment nieuw | C6: ='1. Basisassortiment'!F36 -> 0
A7: 1b. Basisassortiment 2dehands/ hergebruik | C7: ='1. Basisassortiment'!E49 -> 0
A9: 2. Specials & Maatwerk | C9: ='2. Specials & Maatwerk'!E26 -> 0
A11: 3. Projectkorting | C11: ='3. Projectkorting'!F12 -> 0
A13: 4. Overige producten | C13: ='4. Overige producten'!E25 -> 0

Sheet 1. Basisassortiment
A1: BASISASSORTIMENT
A2: Het basisassortiment is beschreven in het Programma van Eisen. Inschrijver dient artikelen aan te bieden die minimaal aan deze eisen voldoen.
A5: 1a. Basisassortiment NIEUW | C5: Totale kostprijs per stuk (materiaal, transport, montage, personeel etc.) | D5: Commerciële opslag | E5: Wegingsfactor | F5: Vergelijkingsprijs
A6: Bureaustoel met gestoffeerde rugleuning Nieuw | C6: 0 | D6: 0 | E6: 1000 | F6: =(C6+(C6*D6))*E6 -> 0
A7: Bureau zit/sta Nieuw 1600x800 mm | C7: 0 | D7: 0 | E7: 500 | F7: =(C7+(C7*D7))*E7 -> 0
A8: Bureau zit/sta Nieuw 1200x800 mm | C8: 0 | D8: 0 | E8: 250 | F8: =(C8+(C8*D8))*E8 -> 0
A9: Schuifdeurkast 1600bx1100 mm hoog | C9: 0 | D9: 0 | E9: 50 | F9: =(C9+(C9*D9))*E9 -> 0
A10: Schuifdeurkast 1600bx1950 mm hoog | C10: 0 | D10: 0 | E10: 50 | F10: =(C10+(C10*D10))*E10 -> 0
A11: Schuifdeurkast 2400bx1100 mm hoog | C11: 0 | D11: 0 | E11: 10 | F11: =(C11+(C11*D11))*E11 -> 0
A12: Schuifdeurkast 2400bx1950 mm hoog | C12: 0 | D12: 0 | E12: 20 | F12: =(C12+(C12*D12))*E12 -> 0
A13: Vergaderstoel Nieuw | C13: 0 | D13: 0 | E13: 10 | F13: =(C13+(C13*D13))*E13 -> 0
A14: Vergadertafel Rechthoek 1600x800mm | C14: 0 | D14: 0 | E14: 50 | F14: =(C14+(C14*D14))*E14 -> 0
A15: Vergadertafel Rechthoek 1600x1000mm | C15: 0 | D15: 0 | E15: 20 | F15: =(C15+(C15*D15))*E15 -> 0
A16: Vergadertafel Rechthoek 2000x1000mm | C16: 0 | D16: 0 | E16: 20 | F16: =(C16+(C16*D16))*E16 -> 0
A17: Vergadertafel Rechthoek 2400x1000mm | C17: 0 | D17: 0 | E17: 20 | F17: =(C17+(C17*D17))*E17 -> 0
... A23: Lestafel Nieuw | C23: 0 | D23: 0 | E23: 750 | F23: =(C23+(C23*D23))*E23 -> 0
A24: Elektrificatie opties
A25: Geaarde 4-voudige Wieland stekkerdoos met GST18-aansluitingen | C25: 0 | D25: 0 | E25: 500 | F25: =(C25+(C25*D25))*E25 -> 0
A26: Opbouwunit met 2 geaarde contactdozen, bevestigd middels bladklemmen | C26: 0 | D26: 0 | E26: 500 | F26: =(C26+(C26*D26))*E26 -> 0
A27: Aansluitsnoer GST18 van 1 meter | C27: 0 | D27: 0 | E27: 125 | F27: =(C27+(C27*D27))*E27 -> 0
A28: Aansluitsnoer GST18 van 2 meter | C28: 0 | D28: 0 | E28: 125 | F28: =(C28+(C28*D28))*E28 -> 0
A29: Aansluitsnoer GST18 van 3 meter | C29: 0 | D29: 0 | E29: 125 | F29: =(C29+(C29*D29))*E29 -> 0
A30: Aansluitsnoer GST18 van 4 meter | C30: 0 | D30: 0 | E30: 125 | F30: =(C30+(C30*D30))*E30 -> 0
A31: Koppelsnoer GST18 van 0,5 meter | C31: 0 | D31: 0 | E31: 125 | F31: =(C31+(C31*D31))*E31 -> 0
A32: Koppelsnoer GST18 van 1 meter | C32: 0 | D32: 0 | E32: 125 | F32: =(C32+(C32*D32))*E32 -> 0
A33: Koppelsnoer GST18 van 2 meter | C33: 0 | D33: 0 | E33: 125 | F33: =(C33+(C33*D33))*E33 -> 0
A34: Koppelsnoer GST18 van 3 meter | C34: 0 | D34: 0 | E34: 125 | F34: =(C34+(C34*D34))*E34 -> 0
A36: TOTAAL | F36: =SUM(F6:F35) -> 0
A39: 1b. Basisassortiment 2de hands/ hergebruik | C39: Commerciële opslag | D39: Wegingsfactor | E39: Vergelijking
A40: Bureaustoel 2de hands | C40: 0 | D40: 20 | E40: =(C40*D40)/10 -> 0
A41: Bureau zit/sta 2de hands 1600x800mm | C41: 0 | D41: 10 | E41: =(C41*D41)/10 -> 0
A42: Bureau zit/sta 2de hands 1200x800mm | C42: 0 | D42: 5 | E42: =(C42*D42)/10 -> 0
A43: Vergaderstoel 2de hands | C43: 0 | D43: 20 | E43: =(C43*D43)/10 -> 0
A44: Lesstoel 2de hands | C44: 0 | D44: 20 | E44: =(C44*D44)/10 -> 0
A45: Lestafel 2de hands | C45: 0 | D45: 20 | E45: =(C45*D45)/10 -> 0
A46: Thuiswerplek bureau handslinger 1600x800mm | C46: 0 | D46: 3 | E46: =(C46*D46)/10 -> 0
A47: Thuiswerplek bureau handslinger 1200x800mm | C47: 0 | D47: 2 | E47: =(C47*D47)/10 -> 0
A49: TOTAAL (GEMIDDELDE) | E49: =AVERAGE(E40:E47) -> 0

Sheet 2. Specials & Maatwerk
A1: Specials & Maatwerk
A2: Specials: onder specials verstaan wij standaardproducten uit een catalogus, echter met een afwijkende afmeting, speciaal bladmateriaal, en/of speciale stof. Maatwerk: op maat gemaakte meubelen welke niet in het assortiment zitten. Het gaat dus niet om standaardproducten uit een catalogus, maar om meubels die afwijken van reguliere collectieartikelen. Zoals bijvoorbeeld, maar niet limitatief, balies, pantry’s, vaste kastenwanden, op maat gemaakte vergadereilanden, akoestische wanden of nissen. Deze specials&maatwerk zijn onderverdeeld in diverse staffels op basis van prijs per stuk (p/s).
A6: SPECIALS
A7: Staffel | C7: Commerciële opslag % | D7: Wegingsfactor | E7: Vergelijking
A8: €0 t/m € 1000,- | C8: 0 | D8: 10 | E8: =(C8*D8)/10 -> 0
A9: € 1001,- t/m € 2.500,- | C9: 0 | D9: 50 | E9: =(C9*D9)/10 -> 0
A10: € 2.501,- t/m € 5.000,- | C10: 0 | D10: 50 | E10: =(C10*D10)/10 -> 0
A11: > € 5.001,- | C11: 0 | D11: 10 | E11: =(C11*D11)/10 -> 0
A13: TOTAAL (GEMIDDELDE) | E13: =AVERAGE(E8:E11) -> 0
A16: MAATWERK
A17: Staffel | C17: Commerciële opslag % | D17: Wegingsfactor | E17: Vergelijking
A18: €0 t/m € 1000,- | C18: 0 | D18: 10 | E18: =(C18*D18)/10 -> 0
A19: € 1001,- t/m € 2.500,- | C19: 0 | D19: 50 | E19: =(C19*D19)/10 -> 0
A20: € 2.501,- t/m € 5.000,- | C20: 0 | D20: 50 | E20: =(C20*D20)/10 -> 0
A21: > € 5.001,- | C21: 0 | D21: 10 | E21: =(C21*D21)/10 -> 0
A23: TOTAAL (GEMIDDELDE) | E23: =AVERAGE(E18:E21) -> 0
A26: Gemiddelde commerciële marge voor vergelijking van de inschrijving | E26: =(E13+E23)/2 -> 0

Sheet 3. Projectkorting
B1: Projectkorting
B2: De projectkorting wordt toegepast op de in de Raamovereenkomst geldende netto verkoopprijzen van het basisassortiment, specials, maatwerk en overige producten. In het Beschrijvend Document wordt in paragraaf 7.2.2.4 omschreven wat Avans als projecten beschouwt.
B6: Staffel | D6: Projectkorting % | E6: Weging | F6: Vergelijking
B7: € 25.000,- t/m € 50.000,- | D7: 0 | E7: 20 | F7: =(D7*E7)/10 -> 0
B8: € 50.001,- t/m € 100.000,- | D8: 0 | E8: 20 | F8: =(D8*E8)/10 -> 0
B9: € 100.001,- t/m € 250.000,- | D9: 0 | E9: 10 | F9: =(D9*E9)/10 -> 0
B10: € 250.001,- en hoger | D10: 0 | E10: 10 | F10: =(D10*E10)/10 -> 0
B12: TOTAAL (GEMIDDELDE) | F12: =AVERAGE(F7:F10) -> 0

Sheet 4. Overige producten
A1: Overige producten
A2: Overige producten zijn al het standaard meubilair dat buiten het basisassortiment valt en ook geen special en/of maatwerk is. Onderverdeeld in diverse staffels op basis van kostprijs per stuk (p/s).
A6: OVERIGE PRODUCTEN NIEUW
A7: Staffel | C7: Commerciële opslag % | D7: Weging | E7: Vergelijking
A8: €0 t/m € 500,- | C8: 0 | D8: 50 | E8: =(C8*D8)/10 -> 0
A9: € 501,- t/m € 1.000,- | C9: 0 | D9: 100 | E9: =(C9*D9)/10 -> 0
A10: € 1.001,- t/m € 2.500,- | C10: 0 | D10: 150 | E10: =(C10*D10)/10 -> 0
A11: > € 2.501,- | C11: 0 | D11: 50 | E11: =(C11*D11)/10 -> 0
A13: TOTAAL (GEMIDDELDE) | E13: =AVERAGE(E8:E11) -> 0
A15: OVERIGE PRODUCTEN 2DE HANDS
A16: Staffel | C16: Commerciële opslag % | D16: Weging | E16: Vergelijking
A17: €0 t/m € 500,- | C17: 0 | D17: 20 | E17: =(C17*D17)/10 -> 0
A18: € 501,- / € 1.000,- | C18: 0 | D18: 20 | E18: =(C18*D18)/10 -> 0
A19: € 1.001,- / € 2.500,- | C19: 0 | D19: 20 | E19: =(C19*D19)/10 -> 0
A20: > € 2.501,- | C20: 0 | D20: 10 | E20: =(C20*D20)/10 -> 0
A22: TOTAAL (GEMIDDELDE) | E22: =AVERAGE(E17:E20) -> 0
A25: Gemiddelde commerciële marge voor vergelijking van de inschrijving | E25: =(E13+E22)/2 -> 0
